 Dungeon Crawl Stone Soup version 0.18-a0-1764-gf4ddf0b (webtiles) character file.

1094 graki42 the Covert (level 8, -22/52 HPs)
             Began as a Halfling Assassin on Apr 14, 2016.
             Was an Initiate of Dithmenos.
             Killed from afar by a steam dragon (25 damage)
             ... with a ball of steam
             ... on level 6 of the Dungeon.
             The game lasted 00:35:57 (4692 turns).

graki42 the Covert (Halfling Assassin)              Turns: 4692, Time: 00:35:58

Health: -22/52     AC:  6    Str: 14      XL:     8   Next: 57%
Magic:  8/8        EV: 18    Int: 15      God:    Dithmenos [......]
Gold:   294        SH:  0    Dex: 19 (20) Spells: 0 memorised, 7 levels left

rFire  . . .     SeeInvis .     r - +0 falchion (elec)
rCold  . . .     Gourm    .     c - +0 robe
rNeg   . . .     Faith    .     (shield restricted)
rPois  .         Spirit   .     (no helmet)
rElec  .         Dismiss  .     d - +0 cloak
rCorr  .         Reflect  .     D - +2 pair of gloves {Str+3}
SustAt .         Harm     .     (no boots)
MR     .....                    (no amulet)
Stlth  +++++.....               (no ring)
                                p - +2 ring of dexterity

@: brilliant, not resistant to hostile enchantments, quite stealthy
A: mutation resistance 1
a: Renounce Religion


You were on level 6 of the Dungeon.
You worshipped Dithmenos.
Dithmenos was noncommittal.
You were not hungry.

You visited 2 branches of the dungeon, and saw 7 of its levels.

You collected 294 gold pieces.

Inventory:

Hand Weapons
 b - a +0 blowgun
 k - a +1 dagger of speed
 r - a +0 falchion of electrocution (weapon)
 t - a +2 dagger of draining
Missiles
 e - 8 poisoned needles
 f - 6 curare-tipped needles
 n - 2 throwing nets (quivered)
 x - 4 tomahawks
Armour
 c - a +0 robe (worn)
 d - a +0 cloak (worn)
 D - a +2 pair of gloves of strength (worn)
Jewellery
 p - a +2 ring of dexterity (left hand)
Wands
 j - a wand of iceblast (15/15)
 q - a wand of random effects (17/48)
Scrolls
 h - 3 scrolls of identify
 i - a scroll of immolation
 s - 2 scrolls of recharging
 y - a scroll of enchant weapon {unknown}
 C - a scroll of amnesia {unknown}
 E - a scroll of silence {unknown}
Potions
 a - a potion of lignification {unknown}
 l - a potion of cure mutation {unknown}
 o - a potion of flight {unknown}
 v - a potion of resistance {unknown}
 w - 3 potions of brilliance
 A - 2 potions of curing {unknown}
 B - 3 potions of haste {unknown}
Comestibles
 g - 4 bread rations
 m - a slice of pizza
 z - 2 beef jerkies


   Skills:
 + Level 3.4 Fighting
 + Level 5.8 Short Blades
 + Level 2.9 Throwing
 + Level 5.0 Dodging
 + Level 8.6 Stealth


You had 7 spell levels left.
You didn't know any spells.

Dungeon Overview and Level Annotations

Branches:
Dungeon (6/15)             Temple (1/1) D:6

Altars:
Cheibriados
Dithmenos
Fedhas
Gozag
Makhleb
Okawaru
Pakellas
Sif Muna
Trog
Vehumet
Yredelemnul


Innate Abilities, Weirdness & Mutations

You are small and have problems with some larger weapons.
You are somewhat resistant to further mutation.


Message History

Drink which item? (? for menu, Esc to quit)
You feel much better.
You are engulfed in a cloud of scalding steam.
The steam dragon completely misses you. The steam dragon barely misses you.
The steam dragon breathes steam at you. The ball of steam hits you!
* * * LOW HITPOINT WARNING * * *
Read which item? (? for menu, Esc to quit)
Okay, then.
Drink which item? (? for menu, Esc to quit)
It was a potion of brilliance.
You feel clever all of a sudden. The steam dragon bites you.
* * * LOW HITPOINT WARNING * * *
The steam dragon claws you but does no damage.
The steam dragon closely misses you. The steam dragon claws you.
* * * LOW HITPOINT WARNING * * *
The steam dragon breathes steam at you. The ball of steam hits you!
You die...

#.#...####.###########.....
#.#...##...................
#>.......#####.............
#.########...#########...##
#.# #≈≈....##.....#...##
#.# ##.(....≈#.......#.##
#.# #......≈≈#.......#+##
#.# #≈P..§...#...........
#.# #P§@§D.######.......
#.# #≈§..D#######.......
#.# ##≈.≈#.....##.......
#.# #≈.≈#......†....... #.#
#P..#.....######### #.#
#P..#.##### #.# #≈..#.# #.#
#P.≈#.# #.#
##.≈#.#############


You could see 2 steam dragons.

Vanquished Creatures
  Sigmund (D:3)
  An ogre (D:4)
  A centaur (D:5)
  A scorpion (D:6)
  A howler monkey (D:4)
  3 crimson imps
  A quasit (D:6)
  A centaur zombie (D:6)
  An orc priest (D:5)
  4 hounds
  A jelly (D:6)
  2 orc wizards (D:5)
  An iguana (D:6)
  4 worker ants
  A howler monkey skeleton (D:4)
  5 adders
  A shadow imp (D:6)
  An ooze (D:1)
  An adder skeleton (D:4)
  2 adder zombies
  A worm (D:5)
  2 dart slugs (D:2)
  7 orcs
  5 giant cockroaches
  8 goblins
  5 hobgoblins
  6 jackals
  6 kobolds
  A quokka (D:5)
  A ball python (D:2)
  9 bats
  A giant gecko skeleton (D:4)
  3 giant newts
  A quokka skeleton (D:4)
  8 rats
98 creatures vanquished.

Vanquished Creatures (others)
  8 fungi (D:6)
8 creatures vanquished.

Grand Total: 106 creatures vanquished

Notes
Turn   | Place    | Note
--------------------------------------------------------------
     0 | D:1      | graki42 the Halfling Assassin began the quest for the Orb.
     0 | D:1      | Reached XP level 1. HP: 14/14 MP: 1/1
    72 | D:1      | Reached XP level 2. HP: 19/19 MP: 2/2
   341 | D:1      | Reached skill level 5 in Stealth
   437 | D:1      | Reached XP level 3. HP: 24/24 MP: 3/3
   982 | D:2      | Reached XP level 4. HP: 29/29 MP: 4/4
  1599 | D:3      | Reached XP level 5. HP: 34/34 MP: 5/5
  1790 | D:3      | Noticed Sigmund
  1802 | D:3      | Killed Sigmund
  1802 | D:3      | Reached skill level 6 in Stealth
  1802 | D:3      | Reached XP level 6. HP: 40/40 MP: 6/6
  1965 | D:4      | Reached XP level 7. HP: 37/45 MP: 7/7
  1967 | D:4      | Found a radiant altar of Vehumet.
  2206 | D:4      | Reached skill level 5 in Short Blades
  2206 | D:4      | Reached skill level 7 in Stealth
  2332 | D:5      | Entered Level 5 of the Dungeon
  2737 | D:5      | Found a snail-covered altar of Cheibriados.
  2993 | D:5      | Reached XP level 8. HP: 52/52 MP: 8/8
  3025 | D:5      | Reached skill level 8 in Stealth
  3692 | D:6      | Found a staircase to the Ecumenical Temple.
  3717 | Temple   | Entered the Ecumenical Temple
  3852 | Temple   | Became a worshipper of Dithmenos the Shadowed
  4195 | D:6      | Found a bloodstained altar of Trog.
  4324 | D:6      | Reached skill level 5 in Dodging
  4692 | D:6      | Killed from afar by a steam dragon

Vault maps used:
D:1:      dpeg_arrival_rhombi, minmay_misc_feat_hallway
D:2:      first_bread
D:3:      uniq_sigmund
D:4:      lemuel_round_altar, amethyst_overflow_temple_binary, st_stairs_14,
          xom_redecorated, uniq_duvessa
D:5:      slow_altar_2
D:6:      kennysheep_steamy, old_standard_altar, minmay_temple_entry_crystal_x
Temple:   jpeg_temple_alley_garden_8

Skill      XL: |  1  2  3  4  5  6  7  8 |
---------------+-------------------------+-----
Short Blades   | 3 4 5 |  5.8
Stealth        | 5 6 7 8 |  8.6
Dodging        | 2 3 4 5 |  5.0
Fighting       | 2 3 |  3.4
Throwing       | |  2.9

Action                   |  1- 3 |  4- 6 |  7- 9 || total
-------------------------+-------+-------+-------++-------
Melee: Dagger            |    93 |   102 |   220 ||   415
       Falchion          |       |       |    15 ||    15
Throw: Stone             |    22 |       |       ||    22
       Tomahawk          |       |     2 |     5 ||     7
       Throwing net      |       |       |     1 ||     1
  Use: Scroll            |       |     9 |     1 ||    10
       Potion            |       |     2 |     3 ||     5
 Stab: Sleeping          |    14 |     9 |    14 ||    37
       Invisible         |       |       |     3 ||     3
       Held in net/web   |       |       |     1 ||     1
  Eat: Chunk             |       |     3 |     2 ||     5
       Meat ration       |       |       |     1 ||     1
       Royal jelly       |       |       |     1 ||     1
Armor: Robe              |     8 |    10 |    28 ||    46
Dodge: Dodged            |    51 |    46 |   125 ||   222
